SNL (28 & UNDER)
GAINESVILLE GUIDOS @ BEAUMONT ROUGHNECKS
08/21/2029
 
TOP OF THE 1ST
Gainesville Guidos batting - Pitching for Beaumont Roughnecks : LHP Manuel Santiago
Pitching: LHP Manuel Santiago
Batting: LHB Manuel Ortega 0-0: SINGLE (Groundball, 34D)
Batting: SHB Cornell Payne 0-0: Ball
1-0: Foul Ball, location: 2F
1-1: Grounds into double play, 5-4-3 (Groundball, 56)
Batting: LHB José Delgado 0-0: Foul Ball, location: 2F
0-1: Ball
1-1: Ball
2-1: Swinging Strike
2-2: Strikes out swinging
Top of the 1st over - 0 runs, 1 hit, 0 errors, 0 left on base; Gainesville 0 - Beaumont 0
BOTTOM OF THE 1ST
Beaumont Roughnecks batting - Pitching for Gainesville Guidos : RHP Joseph Burch
Pitching: RHP Joseph Burch
Batting: RHB John James 0-0: Ball
1-0: SINGLE (Groundball, 56S) (infield hit)
Batting: RHB Darwin Crane 0-0: Swinging Strike
0-1: Ball
1-1: Called Strike
1-2: Ball
2-2: Strikes out looking
Batting: RHB Roger Rush 0-0: Called Strike
0-1: Ball
1-1: Foul Ball, location: 2F
1-2: Strikes out swinging
Batting: RHB Si-xun Li 0-0: Ball
1-0: Swinging Strike
1-1: Foul Ball, location: 2F
1-2: Ball
2-2: Strikes out swinging
Bottom of the 1st over - 0 runs, 1 hit, 0 errors, 1 left on base; Gainesville 0 - Beaumont 0
TOP OF THE 2ND
Gainesville Guidos batting - Pitching for Beaumont Roughnecks : LHP Manuel Santiago
Batting: SHB Kent Phillips 0-0: Ball
1-0: Ball
Error on foul ball, E2
2-1: Ground out 4-3 (Groundball, 4S)
Batting: RHB Adrián López 0-0: Ball
1-0: Called Strike
1-1: Called Strike
1-2: Foul Ball, location: 2F
1-2: Ball
2-2: Ground out 1-3 (Groundball, 13)
Batting: RHB Claudio Gonzáles 0-0: Called Strike
0-1: Ball
1-1: Ball
2-1: Foul Ball, location: 2F
2-2: Ball
3-2: SINGLE (Groundball, 4MD)
Batting: LHB Robbie Turner 0-0: Ball
1-0: Fly out, F3 (Line Drive, 34S)
Top of the 2nd over - 0 runs, 1 hit, 1 error, 1 left on base; Gainesville 0 - Beaumont 0
BOTTOM OF THE 2ND
Beaumont Roughnecks batting - Pitching for Gainesville Guidos : RHP Joseph Burch
Batting: LHB Enrique Cruz 0-0: Foul Ball, location: 2F
0-1: Ball
1-1: Ground out 3-1 (Groundball, 34)
Batting: RHB Michael Kent 0-0: Ball
1-0: SINGLE (Line Drive, 89S)
Batting: SHB Walton Locke 0-0: Called Strike
0-1: Foul Ball, location: 2F
0-2: Ball
1-2: Strikes out swinging
Batting: RHB Jeff Mason 0-0: Ball
1-0: Called Strike
1-1: Fly out, F7 (Flyball, 78XD)
Bottom of the 2nd over - 0 runs, 1 hit, 0 errors, 1 left on base; Gainesville 0 - Beaumont 0
TOP OF THE 3RD
Gainesville Guidos batting - Pitching for Beaumont Roughnecks : LHP Manuel Santiago
Batting: SHB António Ramírez 0-0: Ball
1-0: Fly out, F9 (Flyball, 89S)
Batting: RHB Tim Bonner 0-0: Called Strike
0-1: Called Strike
0-2: Ball
1-2: Ball
2-2: Fly out, F8 (Flyball, 8LD)
Batting: LHB Manuel Ortega 0-0: Foul Ball, location: 2F
0-1: Ball
1-1: Swinging Strike
1-2: Strikes out swinging
Top of the 3rd over - 0 runs, 0 hits, 0 errors, 0 left on base; Gainesville 0 - Beaumont 0
BOTTOM OF THE 3RD
Beaumont Roughnecks batting - Pitching for Gainesville Guidos : RHP Joseph Burch
Batting: RHB Miguel Costa 0-0: Swinging Strike
0-1: Reached via error on a dropped throw, E1
Batting: RHB John James 0-0: Ball
1-0: Ball
2-0: Called Strike
2-1: Foul Ball, location: 2F
2-2: Strikes out looking
Batting: RHB Darwin Crane 0-0: Grounds into double play, 5-4-3 (Groundball, 5)
Bottom of the 3rd over - 0 runs, 0 hits, 1 error, 0 left on base; Gainesville 0 - Beaumont 0
TOP OF THE 4TH
Gainesville Guidos batting - Pitching for Beaumont Roughnecks : LHP Manuel Santiago
Batting: SHB Cornell Payne 0-0: Ball
1-0: Fly out, F9 (Flyball, 89D)
Batting: LHB José Delgado 0-0: Called Strike
0-1: Swinging Strike
0-2: Foul Ball, location: 2F
0-2: Ball
1-2: Ball
2-2: Ground out 6-3 (Groundball, 6)
Batting: SHB Kent Phillips 0-0: Foul Ball, location: 2F
0-1: Ball
1-1: Foul Ball, location: 2F
1-2: Ground out 4-3 (Groundball, 4)
Top of the 4th over - 0 runs, 0 hits, 0 errors, 0 left on base; Gainesville 0 - Beaumont 0
BOTTOM OF THE 4TH
Beaumont Roughnecks batting - Pitching for Gainesville Guidos : RHP Joseph Burch
Batting: RHB Roger Rush 0-0: Ball
1-0: Ball
2-0: Called Strike
2-1: Foul Ball, location: 2F
2-2: Fly out, F9 (Flyball, 89XD)
Batting: RHB Si-xun Li 0-0: Ball
1-0: Called Strike
1-1: Called Strike
1-2: Ball
2-2: Strikes out looking
Batting: LHB Enrique Cruz 0-0: Foul Ball, location: 2F
0-1: Ball
1-1: Called Strike
1-2: Foul Ball, location: 2F
1-2: Ground out 6-3 (Groundball, 6)
Bottom of the 4th over - 0 runs, 0 hits, 0 errors, 0 left on base; Gainesville 0 - Beaumont 0
TOP OF THE 5TH
Gainesville Guidos batting - Pitching for Beaumont Roughnecks : LHP Manuel Santiago
Batting: RHB Adrián López 0-0: Called Strike
0-1: Ball
1-1: Ball
2-1: Ball
3-1: Base on Balls
Batting: RHB Claudio Gonzáles 0-0: Ball
1-0: Ball
2-0: Grounds into double play, 4-6-3 (Groundball, 4)
Batting: LHB Robbie Turner 0-0: Called Strike
0-1: SINGLE (Groundball, 34D)
Batting: SHB António Ramírez 0-0: Ball
1-0: Called Strike
1-1: Ball
2-1: Called Strike
2-2: Strikes out swinging
Top of the 5th over - 0 runs, 1 hit, 0 errors, 1 left on base; Gainesville 0 - Beaumont 0
BOTTOM OF THE 5TH
Beaumont Roughnecks batting - Pitching for Gainesville Guidos : RHP Joseph Burch
Batting: RHB Michael Kent 0-0: Swinging Strike
0-1: Ball
1-1: Foul Ball, location: 2F
1-2: Ball
2-2: Strikes out swinging
Batting: SHB Walton Locke 0-0: Ground out 3-1 (Groundball, 34)
Batting: RHB Jeff Mason 0-0: Foul Ball, location: 2F
0-1: Foul Ball, location: 2F
0-2: Ball
1-2: Ball
2-2: Foul Ball, location: 2F
2-2: SINGLE (Groundball, 34D)
Batting: RHB Miguel Costa 0-0: Ball
1-0: Foul Ball, location: 2F
1-1: Swinging Strike
1-2: Ball
2-2: Foul Ball, location: 2F
2-2: Ground out 1-3 (Groundball, 13S)
Bottom of the 5th over - 0 runs, 1 hit, 0 errors, 1 left on base; Gainesville 0 - Beaumont 0
TOP OF THE 6TH
Gainesville Guidos batting - Pitching for Beaumont Roughnecks : LHP Manuel Santiago
Batting: RHB Tim Bonner 0-0: SINGLE (Groundball, 56D)
Batting: LHB Manuel Ortega 0-0: Ball
1-0: Foul Ball, location: 2F
1-1: Called Strike
1-2: Ground out 4-3 (Groundball, 34)
Tim Bonner to second
Batting: SHB Cornell Payne 0-0: Called Strike
0-1: Ball
1-1: Ground out 4-3 (Groundball, 4)
Tim Bonner to third
Batting: LHB José Delgado 0-0: Hit by Pitch
Batting: SHB Kent Phillips 0-0: Ball
1-0: Fly out, F9 (Line Drive, 9D)
Top of the 6th over - 0 runs, 1 hit, 0 errors, 2 left on base; Gainesville 0 - Beaumont 0
BOTTOM OF THE 6TH
Beaumont Roughnecks batting - Pitching for Gainesville Guidos : RHP Joseph Burch
Batting: RHB John James 0-0: Ball
1-0: Called Strike
1-1: Swinging Strike
1-2: Ball
2-2: Foul Ball, location: 2F
2-2: Ground out 4-3 (Groundball, 4)
Batting: RHB Darwin Crane 0-0: Ground out 5-3 (Groundball, 5L)
Batting: RHB Roger Rush 0-0: Ball
1-0: Ball
2-0: Fly out, F5 (Popup, 5SF)
Bottom of the 6th over - 0 runs, 0 hits, 0 errors, 0 left on base; Gainesville 0 - Beaumont 0
TOP OF THE 7TH
Gainesville Guidos batting - Pitching for Beaumont Roughnecks : LHP Manuel Santiago
Batting: RHB Adrián López 0-0: Ball
1-0: SINGLE (Line Drive, 7S)
Batting: RHB Claudio Gonzáles 0-0: Called Strike
0-1: Called Strike
0-2: Ball
1-2: Ball
2-2: Ball
3-2: Foul Ball, location: 2F
3-2: Strikes out swinging
Pinch Hitting: RHB Augusto Baca 0-0: Ball
1-0: Ball
2-0: Ball
3-0: Called Strike
3-1: DOUBLE (Groundball, 5L)
Adrián López to third
Runner from 3rd tries for Home, SAFE, no throw
Pitching: RHP Enrique Paredes
Batting: SHB António Ramírez 0-0: Swinging Strike
0-1: Ball
1-1: Swinging Strike
1-2: Ball
2-2: Strikes out looking
Pinch Hitting: RHB Doug Coleman 0-0: Swinging Strike
0-1: Foul Ball, location: 2F
0-2: Foul Ball, location: 2F
0-2: Ball
1-2: Ball
2-2: Strikes out swinging
Top of the 7th over - 1 run, 2 hits, 0 errors, 1 left on base; Gainesville 1 - Beaumont 0
BOTTOM OF THE 7TH
Beaumont Roughnecks batting - Pitching for Gainesville Guidos : RHP Joseph Burch
Now at 2B: Craig Chapman
Now in RF: Augusto Baca
Batting: RHB Si-xun Li 0-0: Swinging Strike
0-1: Foul Ball, location: 2F
0-2: Foul Ball, location: 2F
0-2: Strikes out swinging
Batting: LHB Enrique Cruz 0-0: Foul Ball, location: 2F
0-1: Ground out U3 (Groundball, 3)
Batting: RHB Michael Kent 0-0: Fly out, F3 (Popup, 3F)
Bottom of the 7th over - 0 runs, 0 hits, 0 errors, 0 left on base; Gainesville 1 - Beaumont 0
TOP OF THE 8TH
Gainesville Guidos batting - Pitching for Beaumont Roughnecks : RHP Enrique Paredes
Batting: LHB Manuel Ortega 0-0: Ball
1-0: Reached on error, E4 (Groundball, 4)
Batting: SHB Cornell Payne 0-0: Ball
1-0: Foul Ball, location: 2F
1-1: Ball
2-1: DOUBLE (Flyball, 8LXD)
Manuel Ortega to third
Runner from 3rd tries for Home, SAFE, no throw
Batting: LHB José Delgado 0-0: Swinging Strike
0-1: Called Strike
0-2: Ball
1-2: Ball
2-2: Foul Ball, location: 2F
2-2: SINGLE (Line Drive, 7LS)
Cornell Payne to third
Batting: SHB Kent Phillips 0-0: Called Strike
0-1: Fly out, F8 (Flyball, 8RS)
Runner from 3rd tags up, SCORES, no throw
Pitching: RHP Ralph Miller
Batting: RHB Adrián López 0-0: Ball
1-0: Swinging Strike
1-1: Ball
2-1: Foul Ball, location: 2F
2-2: Grounds into double play, 6-4-3 (Groundball, 6)
Top of the 8th over - 2 runs, 2 hits, 1 error, 0 left on base; Gainesville 3 - Beaumont 0
BOTTOM OF THE 8TH
Beaumont Roughnecks batting - Pitching for Gainesville Guidos : RHP Joseph Burch
Batting: SHB Walton Locke 0-0: Called Strike
0-1: Foul Ball, location: 2F
0-2: DOUBLE (Line Drive, 9LM)
Batting: RHB Jeff Mason 0-0: Called Strike
0-1: Ball
1-1: Foul Ball, location: 2F
1-2: Ball
2-2: Ground out 1-3 (Groundball, 13)
Walton Locke to third
Batting: RHB Miguel Costa 0-0: Ball
1-0: Called Strike
1-1: SINGLE (Line Drive, 56D)
Walton Locke scores
Pitching: RHP Mario Tovar
Batting: RHB John James 0-0: Ball
1-0: Ball
2-0: Ball
3-0: Called Strike
3-1: Called Strike
3-2: Foul Ball, location: 2F
3-2: Strikes out swinging
Batting: RHB Darwin Crane 0-0: Fly out, F9 (Flyball, 9)
Bottom of the 8th over - 1 run, 2 hits, 0 errors, 1 left on base; Gainesville 3 - Beaumont 1
TOP OF THE 9TH
Gainesville Guidos batting - Pitching for Beaumont Roughnecks : RHP Ralph Miller
Batting: RHB Claudio Gonzáles 0-0: Ball
1-0: Ball
2-0: Called Strike
2-1: Fly out, F3 (Popup, 3S)
Batting: RHB Augusto Baca 0-0: Ball
1-0: Called Strike
1-1: Ball
2-1: SINGLE (Flyball, 7S)
Batting: SHB António Ramírez 0-0: Ground out 4-3 (Groundball, 4S)
Augusto Baca to second
Batting: RHB Craig Chapman 0-0: Called Strike
0-1: Foul Ball, location: 2F
0-2: Strikes out swinging
Top of the 9th over - 0 runs, 1 hit, 0 errors, 1 left on base; Gainesville 3 - Beaumont 1
BOTTOM OF THE 9TH
Beaumont Roughnecks batting - Pitching for Gainesville Guidos : RHP Mario Tovar
Batting: RHB Roger Rush 0-0: Called Strike
0-1: Ball
1-1: Swinging Strike
1-2: Foul Ball, location: 2F
1-2: Strikes out swinging
Batting: RHB Si-xun Li 0-0: Ball
1-0: Ball
2-0: Ball
3-0: Base on Balls
Pitching: LHP Anthony Robinson
Batting: LHB Enrique Cruz 0-0: Ball
1-0: Swinging Strike
1-1: Called Strike
1-2: Ball
2-2: Strikes out looking
Batting: RHB Michael Kent 0-0: Fielders Choice at 2nd, 6-4 (Groundball, 6)
Bottom of the 9th over - 0 runs, 0 hits, 0 errors, 1 left on base; Gainesville 3 - Beaumont 1
Saturday, December 16th, 2017 - OOTP Baseball 18.8 Build 76